 Dungeon Crawl Stone Soup version 0.20-b1-12-g5827e59 (webtiles) character file.

14 ChaseSP the Digger (level 2, -1/15 HPs)
             Began as a Gargoyle Earth Elementalist on May 24, 2017.
             Slain by a leopard gecko (4 damage)
             ... on level 1 of the Dungeon.
             The game lasted 00:01:30 (618 turns).

ChaseSP the Digger (Gargoyle Earth Elementalist)     Turns: 618, Time: 00:01:31

Health: -1/15      AC:  4    Str: 11    XL:     2   Next: 45%
Magic:  5/5        EV: 12    Int: 15    God:
Gold:   8          SH:  0    Dex: 10    Spells: 2/5 levels left

rFire    . . .     SeeInvis .   a - +0 hand axe
rCold    . . .     Gourm    .   (no shield)
rNeg     + . .     Faith    .   c - +0 robe
rPois    ∞         Spirit   .   (no helmet)
rElec    +         Reflect  .   (no cloak)
rCorr    .         Harm     .   (no gloves)
MR       .....                  (no boots)
Stlth    ++........             (no amulet)
Regen    0.1/turn               (no ring)
MPRegen  0.1/turn               (no ring)

@: no status effects
A: negative energy resistance 1, electricity resistance, unbreathing,
petrification resistance, rot immunity, AC +2
a: no special abilities


You were on level 1 of the Dungeon.
You were not hungry.

You visited 1 branch of the dungeon, and saw 1 of its levels.

You collected 8 gold pieces.

Inventory:

Hand Weapons
 a - a +0 hand axe (weapon)
 f - a +0 dagger
Missiles
 b - 33 stones (quivered)
Armour
 c - a +0 robe (worn)
Scrolls
 g - a scroll of magic mapping {unknown}
 i - a scroll of random uselessness {unknown}
 j - 2 scrolls of fog {unknown}
Books
 e - a book of Geomancy

   Spells                             Type                      Level
   a - Sandblast                      Earth                        1
   b - Passwall                       Transmutation/Earth          2
   c - Stone Arrow                    Conjuration/Earth            3
   d - Petrify                        Transmutation/Earth          4
   e - Lee's Rapid Deconstruction     Earth                        5
Comestibles
 d - a bread ration
 h - a chunk of flesh


   Skills:
 - Level 1.5 Dodging
 - Level 2.1 Stealth
 - Level 2.0 Spellcasting
 - Level 0.7 Transmutations
 * Level 4.6 Earth Magic


You had 2 spell levels left.
You knew the following spells:

 Your Spells              Type           Power        Failure   Level  Hunger
a - Sandblast             Erth           ###...       3%          1    #......
b - Passwall              Tmut/Erth      #.........   11%         2    ###....


Dungeon Overview and Level Annotations

Branches:
Dungeon (1/15)

Altars:


Innate Abilities, Weirdness & Mutations

You are resistant to torment.
Your stone body is resilient. (AC +2)
You are immune to poison.
You resist negative energy. (rN+)
You are resistant to electric shocks. (rElec)
You can survive without breathing.
You are immune to petrification.
You are immune to rotting.


Message History

You are too injured to fight recklessly!
You are too injured to fight recklessly!
You are too injured to fight recklessly!
You are too injured to fight recklessly!
The leopard gecko bites you.
You closely miss the leopard gecko.
The leopard gecko is moderately wounded.
The leopard gecko barely misses you. x2
You miss the leopard gecko.
The leopard gecko is moderately wounded.
The leopard gecko bites you.
* * * LOW HITPOINT WARNING * * *
You hit the leopard gecko.
The leopard gecko is heavily wounded.
The leopard gecko barely misses you. The leopard gecko bites you.
* * * LOW HITPOINT WARNING * * *
You closely miss the leopard gecko.
The leopard gecko is heavily wounded.
The leopard gecko bites you.
You die...

......................
..............†......
#.#.#.................
.....................
#...###.##.###.#..
#..............#.. #
#..####.##........
#####.#..####.##.##.....
......l@................
..###.##########........
#. #.##..### # . .......
.....### .... # # # ..


You could see a leopard gecko.

Vanquished Creatures
  3 goblins (D:1)
  A hobgoblin (D:1)
  2 jackals (D:1)
  3 kobolds (D:1)
  A bat (D:1)
  3 rats (D:1)
13 creatures vanquished.

Notes
Turn   | Place    | Note
-------+----------+-------------------------------------------
     0 | D:1      | ChaseSP the Gargoyle Earth Elementalist began the quest for the Orb.
     0 | D:1      | Reached XP level 1. HP: 10/10 MP: 3/3
   115 | D:1      | Reached skill level 4 in Earth Magic
   138 | D:1      | Reached XP level 2. HP: 12/15 MP: 5/5
   372 | D:1      | Learned a level 2 spell: Passwall
   618 | D:1      | Slain by a leopard gecko

Skill      XL: |  1 |
---------------+----+-----
Earth Magic    | 4 |  4.6
Dodging        | |  1.5
Stealth        | |  2.1
Spellcasting   | |  2.0
Transmutations | |  0.7

Action                   || total
-------------------------++-------
Melee: Hand axe          ||    65
Armor: Robe              ||    27
Dodge: Dodged            ||    56
